 Dungeon Crawl Stone Soup version 0.18.1-1-g2f07953 (webtiles) character file.

94 SkaryMonk the Cutter (level 4, 0/24 HPs)
             Began as a Kobold Enchanter on May 6, 2016.
             Slain by a giant gecko (6 damage)
             ... on level 3 of the Dungeon.
             The game lasted 00:07:48 (2610 turns).

SkaryMonk the Cutter (Kobold Enchanter)             Turns: 2610, Time: 00:07:48

Health: 0/24       AC:  6    Str:  9    XL:     4   Next: 94%
Magic:  6/7        EV: 15    Int: 13    God:
Gold:   250        SH:  0    Dex: 17    Spells: 2 memorised, 4 levels left

rFire  . . .     SeeInvis .     a - +1 dagger
rCold  . . .     Gourm    .     g - +1 robe
rNeg   . . .     Faith    .     (shield restricted)
rPois  .         Spirit   .     m - +2 hat
rElec  .         Dismiss  .     s - +0 cloak
rCorr  .         Reflect  .     (no gloves)
SustAt .         Harm     +     (no boots)
MR     .....                    t - amulet of harm
Stlth  +++.......               (no ring)
                                o - +3 ring of strength

@: not resistant to hostile enchantments, fairly stealthy
A: carnivore 3
a: no special abilities


You were on level 3 of the Dungeon.
You were completely stuffed.

You visited 1 branch of the dungeon, and saw 3 of its levels.

You collected 250 gold pieces.

Notes
Turn   | Place    | Note
--------------------------------------------------------------
     0 | D:1      | SkaryMonk the Kobold Enchanter began the quest for the Orb.
     0 | D:1      | Reached XP level 1. HP: 10/10 MP: 3/3
   169 | D:1      | Reached XP level 2. HP: 10/15 MP: 5/5
   753 | D:1      | Reached XP level 3. HP: 14/19 MP: 6/6
  1093 | D:2      | Learned a level 2 spell: Ensorcelled Hibernation
  1113 | D:2      | Found a sacrificial altar of Ru.
  1113 | D:2      | Found an iron altar of Okawaru.
  1114 | D:2      | Found a blossoming altar of Fedhas.
  1133 | D:2      | Found a shattered altar of Ashenzari.
  1317 | D:2      | Reached XP level 4. HP: 24/24 MP: 5/7
  1411 | D:2      | Reached skill level 1 in Ice Magic
  2285 | D:3      | Found a burning altar of Makhleb.
  2610 | D:3      | Slain by a giant gecko

Inventory:

Hand Weapons
 a - a +1 dagger (weapon)
 q - a +2 dagger of speed
Armour
 g - a +1 robe (worn)
 m - a +2 hat (worn)
 s - a +0 cloak (worn)
Jewellery
 o - a +3 ring of strength (left hand)
 t - an amulet of harm (around neck)
Scrolls
 b - a scroll of enchant armour {unknown}
 i - a scroll of amnesia {unknown}
 k - a scroll of noise {unknown}
 n - 2 scrolls of remove curse
 p - a scroll of identify
Potions
 f - a potion of ambrosia {unknown}
 h - a potion of mutation {unknown}
 j - 3 potions of lignification
 l - 4 potions of flight
 r - 2 potions of curing {unknown}
 u - a potion of agility {unknown}
 v - a potion of brilliance {unknown}
 x - a potion of degeneration {unknown}
Books
 c - a book of Maledictions

   Spells                             Type                      Level
   a - Corona                         Hexes                        1
   b - Ensorcelled Hibernation        Hexes/Ice                    2
   c - Confuse                        Hexes                        3
   d - Tukima's Dance                 Hexes                        3
   e - Dazzling Spray                 Conjuration/Hexes            3
 e - a book of Geomancy

   Spells                             Type                      Level
   a - Sandblast                      Earth                        1
   b - Passwall                       Transmutation/Earth          2
   c - Stone Arrow                    Conjuration/Earth            3
   d - Petrify                        Transmutation/Earth          4
   e - Lee's Rapid Deconstruction     Earth                        5
Comestibles
 d - 2 meat rations
 w - 12 chunks of flesh

Table legend:
 A = Turns spent in this place as a percentage of turns spent in the entire game.
 B = Non-inter-level travel turns spent in this place as a percentage of non-inter-level travel turns spent in the entire game.
 C = Inter-level travel turns spent in this place as a percentage of turns spent in this place.
 D = Turns resting spent in this place as a percentage of non-inter-level travel turns spent in this place.
 E = Turns spent auto-exploring this place as a percentage of non-inter-level travel turns spent in this place.
 F = Non-inter-level travel turns spent in this place divided by the number of levels of this place that you've seen.
                   A       B       C       D       E      F
               +-------+-------+-------+-------+-------+----------------------
         Total | 100.0 | 100.0 |   0.9 |   2.5 |  11.5 | 229.3
       Dungeon | 100.0 | 100.0 |   0.9 |   2.5 |  11.5 | 229.3
               +-------+-------+-------+-------+-------+----------------------


   Skills:
 - Level 4.2 Short Blades
 - Level 2.4 Dodging
 - Level 4.0 Stealth
 - Level 2.0 Spellcasting
 + Level 3.7 Hexes
 + Level 1.5 Ice Magic


You had 4 spell levels left.
You knew the following spells:

 Your Spells              Type           Power        Failure   Level  Hunger
a - Corona                Hex            ##.....      8%          1    ##.....
b - Ensorcelled Hibernat  Hex/Ice        #.....       14%         2    ###....


Dungeon Overview and Level Annotations

Branches:
Dungeon (3/15)

Altars:
Ashenzari
Fedhas
Makhleb
Okawaru
Ru


Innate Abilities, Weirdness & Mutations

You are small and have problems with some larger weapons.
You are carnivorous and can eat meat at any time.


Message History

You hit the orc but do no damage.
The orc is heavily wounded.
The orc completely misses you.
A giant gecko comes into view.
You hit the orc.
You kill the orc!
Things that are here:
a mace; a leather armour
Casting: Corona
Confirm with . or Enter, or press ? or * to list all spells.
Aiming: Corona
Press: ? - help, Shift-Dir - straight line, f - giant gecko
Aim: a giant gecko (chance to defeat MR: 82%)
The giant gecko is outlined in light.
You closely miss the giant gecko. The giant gecko bites you.
* * * LOW HITPOINT WARNING * * *
You hit the giant gecko.
The giant gecko is heavily wounded.
The giant gecko bites you.
You die...

#####.###
##.## #.# ...
#.# ... #.#
... #.# #.#
..# #># ###
#l# #@# #.#
#.# #.# #รท#
#.# #.# ..
##.## .#
.$####...##.#


You could see a giant gecko.

Table legend:
 A = Kills in this place as a percentage of kills in entire the game.
 B = Kills by you in this place as a percentage of kills by you in the entire game.
 C = Kills by friends in this place as a percentage of kills by friends in the entire game.
 D = Other kills in this place as a percentage of other kills in the entire game.
 E = Experience gained in this place as a percentage of experience gained in the entire game.
 F = Experience gained in this place divided by the number of levels of this place that you have seen.
                   A       B       C       D       E      F
               +-------+-------+-------+-------+-------+----------------------
         Total | 100.0 | 100.0 |  -nan |  -nan | 100.0 |  45.0
       Dungeon | 100.0 | 100.0 |  -nan |  -nan | 100.0 |  45.0
               +-------+-------+-------+-------+-------+----------------------

Vanquished Creatures
  An adder (D:3)
  An ooze (D:1)
  A worm (D:3)
  4 dart slugs
  A giant gecko (D:1)
  2 orcs (D:3)
  3 bats
  8 giant cockroaches
  11 hobgoblins
  6 kobolds
  A quokka (D:3)
  3 giant newts
  11 goblins
  8 rats
61 creatures vanquished.

Action                   |  1- 3 |  4- 6 || total
-------------------------+-------+-------++-------
Melee: Dagger            |   118 |    92 ||   210
 Cast: Corona            |     7 |    14 ||    21
  Use: Scroll            |       |     4 ||     4
 Stab: Sleeping          |    13 |     9 ||    22
  Eat: Chunk             |    10 |     4 ||    14
Armor: Robe              |    15 |    20 ||    35
       Leather armour    |       |     3 ||     3
Dodge: Dodged            |    74 |    45 ||   119

Vault maps used:
D:1:      sevenhm_arrival_forest_fort_large_2, wad_floor_pattern_untrapped
D:2:      lemuel_crystal_altar, minitemple
D:3:      lemuel_doored_altar, marbit_many_paths
